 Dungeon Crawl Stone Soup version 0.24.0-125-gc4c63601f3 (webtiles) character file.

Game seed: 8607227501204172175, levelgen mode: deterministic

33 Descartes the Ducker (level 3, -1/17 HPs)
             Began as a Felid Monk on Mar 3, 2020.
             Slain by a goblin (3 damage)
             ... led by Robin
             ... on level 2 of the Dungeon.
             The game lasted 00:02:53 (2673 turns).

Descartes the Ducker (Felid Monk)                   Turns: 2673, Time: 00:02:53

Health: -1/17      AC:  1    Str:  8    XL:     3   Next: 12%
Magic:  4/4        EV: 20    Int: 11    God:
Gold:   79         SH:  0    Dex: 18    Spells: 2/2 levels left
                                        Lives:  0   Deaths: 1

rFire    . . .     SeeInvis +     - Unarmed
rCold    . . .     Gourm    .   (shield unavailable)
rNeg     . . .     Faith    .   (armour unavailable)
rPois    .         Spirit   .   (helmet unavailable)
rElec    .         Reflect  .   (cloak unavailable)
rCorr    .         Harm     .   (gloves unavailable)
MR       .....                  (boots unavailable)
Stlth    +++.......             (no amulet)
HPRegen  0.05/turn              (no ring)
MPRegen  0.09/turn              (no ring)

@: quick
A: very small, no armour, no weapons or thrown items, stealth, claws 1, fangs 3,
see invisible, carnivore, speed 1, shaggy fur 1, slow metabolism 1, sharp paws
a: no special abilities


You were on level 2 of the Dungeon.
You were full.

You visited 1 branch of the dungeon, and saw 2 of its levels.

You collected 79 gold pieces.

Inventory:

Missiles
 b - 56 arrows
 g - 18 stones
Scrolls
 c - 6 scrolls of remove curse {unknown}
 e - a scroll of identify {unknown}
 f - 2 scrolls of blinking {unknown}
 h - a scroll of enchant armour {unknown}
 k - 2 scrolls of amnesia {unknown}
 m - a scroll of magic mapping {unknown}
Potions
 d - a potion of lignification {unknown}
 i - a potion of curing {unknown}
 j - a potion of berserk rage {unknown}
 n - a potion of flight {unknown}
Comestibles
 a - 7 rations


   Skills:
 + Level 3.4 Fighting
 + Level 4.7 Dodging
 + Level 3.7 Stealth
 * Level 3.9 Unarmed Combat


You had 2 spell levels left.
You didn't know any spells.
Your spell library was empty.

Dungeon Overview and Level Annotations

Branches:
Dungeon (2/15)

Altars:
Cheibriados

Annotations:
D:2 Robin


Innate Abilities, Weirdness & Mutations

You cannot wear armour.
You are incapable of wielding weapons or throwing items.
Your paws allow you to move quietly. (Stealth)
You have sharp claws.
You have razor-sharp teeth.
You have supernaturally acute eyesight. (SInv)
You are carnivorous and can eat meat at any time.
You cover ground quickly.
You are covered in fur. (AC +1)
You have a slow metabolism.
Your sharp claws are effective at attacking unaware monsters.


Message History

Robin is moderately wounded.
You hear a shout!
Robin throws the goblin at you! The goblin misses you.
You scratch Robin.
Robin is severely wounded.
Robin hits you but does no damage.
You scratch Robin but do no damage. Your bite misses Robin.
Robin is severely wounded.
The goblin misses you. Robin throws the goblin at you!
You scratch Robin but do no damage.
Robin is severely wounded.
The goblin closely misses you. The goblin completely misses you.
Robin roars a battlecry!
The goblins go into a battle-frenzy!
You barely miss Robin.
Robin is severely wounded.
The goblin hits you with a +0 club.
* * * LOW HITPOINT WARNING * * *
The goblin barely misses you. The goblin hits you.
You die...

******* *,*,,,,,*,*,***,,****
,,,,,,* *,#.*.*,*,*,,,,,,,,,,
*****,* *,#.#.*.#,*****,,**** *,*
*,#...*.#.# *,)** *,*
*,#..##.#.##***,,,** ***,***
#,*gg...#...,,,,,,,** *,),,,*
#.##.#...#***,,,,,,,*
***,***,*####..gggg#.###..,,,,,,,
,,,,* *,,......g@g[....'..,,,,,,,
,,[,***,,..######g(.####,,,,,,,,,
,*,,,,,,,*,* ##..# **,,,,,,,*
,*,***,*,*,* ##.# **,,,,,**
,*,*,,[*,*)* ####.######*,,,**
,*,*,***,*)* #...........,,**
,*,*,* *,*,* #.##).######*,*
,*,*,***,*[* #.##..# *,*
,,,,,,,,,,,* #.##..# *,**


You could see Robin and 8 goblins.

Vanquished Creatures
  3 adders (D:2)
  An ooze (D:1)
  A dart slug (D:2)
  A ball python (D:2)
  4 goblins
  4 hobgoblins
  7 jackals (D:2)
  A quokka (D:2)
  10 bats
  A frilled lizard (D:2)
  5 kobolds
  6 rats
44 creatures vanquished.

Notes
Turn   | Place    | Note
-------+----------+-------------------------------------------
     0 | D:1      | Descartes the Felid Monk began the quest for the Orb.
     0 | D:1      | Reached XP level 1. HP: 10/10 MP: 2/2
   355 | D:1      | Reached XP level 2. HP: 14/14 MP: 3/3
  1320 | D:2      | Reached XP level 3. HP: 17/17 MP: 4/4
  1430 | D:2      | Noticed Robin
  2051 | D:2      | Found a snail-covered altar of Cheibriados.
  2194 | D:2      | Reached XP level 4. HP: 21/21 MP: 5/5
  2543 | D:2      | Slain by a goblin
  2544 | D:2      | Reached XP level 3. HP: 0/17 MP: 4/4
  2673 | D:2      | Slain by a goblin

Levels and vault maps discovered:
D:1:      nagdon_arrival_double_spiral, layout_basic
D:2:      layout_loops_corners, cheibriados_altar_1, first_ration, uniq_robin

Skill      XL: |  1 |
---------------+----+-----
Stealth        | 3 |  3.7
Fighting       | |  3.4
Dodging        | |  4.7
Unarmed Combat | |  3.9

Action                   |  1- 3 |  4- 6 || total
-------------------------+-------+-------++-------
Melee: Unarmed           |    89 |    24 ||   113
       Bite              |     2 |       ||     2
       Punch             |       |     1 ||     1
 Stab: Sleeping          |    13 |     1 ||    14
  Eat: Chunk             |    13 |       ||    13
Armor: Skin              |     3 |     2 ||     5
Dodge: Dodged            |    72 |    37 ||   109
